 Dungeon Crawl Stone Soup version 0.22-a0-833-g8522bf8 (webtiles) character file.

16 Amnesiac the Digger (level 2, -1/19 HPs)
             Began as a Mummy Earth Elementalist on July 25, 2018.
             Slain by Menkaure (20 damage)
             ... on level 4 of the Dungeon.
             The game lasted 00:01:13 (645 turns).

Amnesiac the Digger (Mummy Earth Elementalist)       Turns: 645, Time: 00:01:14

Health: -1/19      AC:  5    Str: 11    XL:     2   Next: 37%
Magic:  2/6        EV: 12    Int: 14    God:
Gold:   51         SH:  0    Dex: 12    Spells: 4/7 levels left

rFire    x . .     SeeInvis .   a - +0 dagger (speed)
rCold    + . .     Gourm    .   (no shield)
rNeg     + + +     Faith    .   c - +0 robe
rPois    ∞         Spirit   .   d - +2 helmet
rElec    .         Reflect  .   (no cloak)
rCorr    .         Harm     .   (no gloves)
MR       .....                  (no boots)
Stlth    ++........             (no amulet)
HPRegen  0.06/turn              (no ring)
MPRegen  0.10/turn              (no ring)

@: no status effects
A: no food or potions, fire vulnerability, cold resistance 1, negative energy
resistance 3, torment resistance, unbreathing
a: no special abilities


You were on level 4 of the Dungeon.
You were not hungry.

You visited 1 branch of the dungeon, and saw 5 of its levels.

You collected 51 gold pieces.

Inventory:

Hand Weapons
 a - a +0 dagger of speed (weapon)
 f - a +0 trident
Missiles
 b - 32 stones (quivered)
Armour
 c - a +0 robe (worn)
 d - a +2 helmet (worn)
Jewellery
 e - a +2 ring of strength {unknown}
Wands
 h - a wand of digging (10)
Scrolls
 g - a scroll of immolation {!r}


   Skills:
 - Level 1.5 Dodging
 - Level 1.5 Stealth
 + Level 3.0 Spellcasting
 - Level 0.7 Transmutations
 * Level 3.0 Earth Magic


You had 4 spell levels left.
You knew the following spells:

 Your Spells              Type           Power        Failure   Level  Hunger
a - Sandblast             Erth           ##....       6%          1    N/A
b - Passwall              Tmut/Erth      #.......     16%         2    N/A

Your spell library contained the following spells:

 Spells                   Type           Power        Failure   Level  Hunger
 Stone Arrow              Conj/Erth      #.....       34%         3    N/A
 Lee's Rapid Deconstruct  Erth           ##........   86%         5    N/A
 Petrify                  Tmut/Erth      #.......     69%         4    N/A

Dungeon Overview and Level Annotations

Branches:
Dungeon (5/15)
 Temple: D:4-7

Altars:

Annotations:
D:4 Menkaure


Innate Abilities, Weirdness & Mutations

You do not eat or drink.
Your flesh is vulnerable to fire.
You are immune to poison.
Your flesh is cold resistant. (rC+)
You are immune to negative energy. (rN+++)
You are immune to unholy pain and torment.
You can survive without breathing.


Message History

Your Spellcasting skill increases to level 3!
No target in view!
There is a stone staircase leading down here.
You climb downwards.
There is a stone staircase leading up here.
You climb upwards.
You hear the hiss of flowing sand.
There is an entrance to an ossuary on this level.
Hurry and find it before the portal is buried!
There is a stone staircase leading down here.
Magic restored.
You now have 51 gold pieces (gained 9).
HP restored.
You see here 21 arrows.
Key pressed, stopping explore.
You hear the slow hiss of a distant avalanche of sand.
h - a wand of digging (10) Menkaure, Prince of Dust comes into view.
Menkaure shouts!
Menkaure is nearby!
Menkaure whispers drily.
Menkaure casts a spell.
Menkaure seems to speed up.
Casting: Sandblast (safe; 6% risk of failure)
Confirm with . or Enter, or press ? or * to list all spells.
You can't see any susceptible monsters within range! (Use Z to cast anyway.)
Casting: Sandblast (safe; 6% risk of failure)
Confirm with . or Enter, or press ? or * to list all spells.
You can't see any susceptible monsters within range! (Use Z to cast anyway.)
Casting: Sandblast (safe; 6% risk of failure)
Confirm with . or Enter, or press ? or * to list all spells.
Aiming: Sandblast (safe; 6% risk of failure)
Press: ? - help, Shift-Dir - straight line, f - Menkaure
Aim: Menkaure (fast)
The blast of sand misses Menkaure.
b - 35 stones
Casting: Sandblast (safe; 6% risk of failure)
Confirm with . or Enter, or press ? or * to list all spells.
Aiming: Sandblast (safe; 6% risk of failure)
Press: ? - help, Shift-Dir - straight line, f/p - Menkaure
Aim: Menkaure (fast)
The blast of sand hits Menkaure.
Menkaure is lightly damaged.
b - 34 stones Menkaure sighs, "It doesn't hurt if you pull your brain out of your nose yourself."
Casting: Sandblast (safe; 6% risk of failure)
Confirm with . or Enter, or press ? or * to list all spells.
Aiming: Sandblast (safe; 6% risk of failure)
Press: ? - help, Shift-Dir - straight line, f/p - Menkaure
Aim: Menkaure (lightly damaged, fast)
The blast of sand hits Menkaure.
Menkaure is lightly damaged.
b - 33 stones Menkaure closely misses you.
Casting: Sandblast (safe; 6% risk of failure)
Confirm with . or Enter, or press ? or * to list all spells.
Aiming: Sandblast (safe; 6% risk of failure)
Press: ? - help, Shift-Dir - straight line, f/p - Menkaure
Aim: Menkaure (lightly damaged, fast)
The blast of sand hits Menkaure.
Menkaure is moderately damaged.
b - 32 stones Menkaure hits you!!
Ouch! That really hurt!
You die...

##....#............
#.................#
##+..................
#....................
#...................
#..............>...#
#.................#
#.M..............##
##@.....[.......##
#..............###
#...............##
##................
#................
##........#####..
#.....#### ###
#..#### # #..##


You could see Menkaure.

Vanquished Creatures
  An ooze (D:1)
  A worm (D:2)
  A leopard gecko (D:2)
  3 kobolds
  A frilled lizard (D:4)
  2 rats
9 creatures vanquished.

Notes
Turn   | Place    | Note
-------+----------+-------------------------------------------
     0 | D:1      | Amnesiac the Mummy Earth Elementalist began the quest for the Orb.
     0 | D:1      | Reached XP level 1. HP: 13/13 MP: 4/4
   113 | D:2      | Reached XP level 2. HP: 8/19 MP: 3/5
   138 | D:2      | Learned a level 2 spell: Passwall
   593 | D:5      | Entered Level 5 of the Dungeon
   637 | D:4      | Noticed Menkaure
   645 | D:4      | Slain by Menkaure

Vault maps used:
D:1:      dpeg_arrival_connections
D:2:      marbit_many_paths, first_ration, serial_bayou_pond_b
D:4:      wad_river_or_something, nicolae_ossuary_entry_false_entrances,
          uniq_menkaure
D:5:      nicolae_ru_path_of_blood, minmay_temple_entry_statues_pillars,
          uniq_crazy_yiuf_cottage, uniq_eustachio

Skill      XL: |  1  2 |
---------------+-------+-----
Earth Magic    | 3 |  3.0
Spellcasting   | 3 |  3.0
Dodging        | |  1.5
Stealth        | |  1.5
Transmutations | |  0.7

Action                   || total
-------------------------++-------
Melee: Trident           ||     7
       Dagger            ||     6
 Cast: Sandblast         ||    15
  Use: Scroll            ||     4
Armor: Robe              ||     2
Dodge: Dodged            ||     5

Table legend:
 A = Spawn XP
 B = Non-spawn XP
 C = Spawn XP percentage of total XP
 D = Spawn monster count
 E = Non-spawn monster count
 F = Spawn count percentage of total count
 G = Total turns spent on level
                    A         B        C        D         E        F      G
               +---------+---------+-------+---------+---------+-------+---------
         Total |       0 |      23 |   0.0 |       0 |       9 |   0.0 |   645
               +---------+---------+-------+---------+---------+-------+---------
           D:1 |       0 |       8 |   0.0 |       0 |       2 |   0.0 |    65
           D:2 |       0 |      11 |   0.0 |       0 |       4 |   0.0 |   349
           D:3 |       0 |       3 |   0.0 |       0 |       2 |   0.0 |   166
           D:4 |       0 |       1 |   0.0 |       0 |       1 |   0.0 |    63
               +---------+---------+-------+---------+---------+-------+---------
